 Dungeon Crawl Stone Soup version 0.21.1-1-g345015f (webtiles) character file.

301 joklet the Thaumaturge (level 6, -4/32 HPs)
             Began as a Deep Elf Conjurer on Mar 15, 2018.
             Was an Initiate of Vehumet.
             Slain by homeworkjunkie's ghost (11 damage)
             ... on level 4 of the Dungeon.
             The game lasted 00:08:42 (3163 turns).

joklet the Thaumaturge (Deep Elf Conjurer)          Turns: 3163, Time: 00:08:44

Health: -4/32      AC:  3    Str:  5    XL:     6   Next: 14%
Magic:  16/19      EV: 13    Int: 22    God:    Vehumet [......]
Gold:   193        SH:  0    Dex: 15    Spells: 16/22 levels left

rFire    . . .     SeeInvis .   s - +1 falchion (slice)
rCold    . . .     Gourm    .   (no shield)
rNeg     + . .     Faith    .   a - +0 robe
rPois    .         Spirit   .   d - +0 helmet
rElec    .         Reflect  .   o - scarf {repulsion}
rCorr    .         Harm     .   (no gloves)
MR       +....                  (no boots)
Stlth    ++........             (no amulet)
HPRegen  0.10/turn              i - ring of protection from magic
MPRegen  0.16/turn              t - ring of positive energy

@: repel missiles
A: no striking features
a: Renounce Religion


You were on level 4 of the Dungeon.
You worshipped Vehumet.
Vehumet was noncommittal.
You were not hungry.

You visited 2 branches of the dungeon, and saw 5 of its levels.

You collected 193 gold pieces.

Inventory:

Hand Weapons
 m - a +0 short sword
 s - a +1 falchion of slicing (weapon)
Armour
 a - a +0 robe (worn)
 d - a +0 helmet (worn)
 o - a scarf of repulsion (worn)
Jewellery
 i - a ring of protection from magic (left hand)
 t - a ring of positive energy (right hand)
Wands
 k - a wand of flame (7)
 r - a wand of clouds (2)
Scrolls
 j - 6 scrolls of remove curse {unknown}
 q - 4 scrolls of identify {unknown}
Potions
 e - a potion of flight {unknown}
 f - a potion of resistance {unknown}
 g - 2 potions of brilliance {unknown}
 h - a potion of curing {unknown}
 l - a potion of cancellation {unknown}
 p - a potion of might {unknown}
 u - a potion of ambrosia {unknown}
Books
 b - a book of Conjurations

   Spells                             Type                      Level
   a - Magic Dart                     Conjuration                  1
   b - Searing Ray                    Conjuration                  2
   c - Dazzling Spray                 Conjuration/Hexes            3
   d - Fulminant Prism                Conjuration/Hexes            4
   e - Force Lance                    Conjuration/Translocation    4
   f - Iskenderun's Mystic Blast      Conjuration                  4
 n - a book of Changes

   Spells                             Type                      Level
   a - Beastly Appendage              Transmutation                1
   b - Sticks to Snakes               Transmutation                2
   c - Spider Form                    Transmutation/Poison         3
   d - Ice Form                       Ice/Transmutation            4
   e - Blade Hands                    Transmutation                5
Comestibles
 c - 7 rations


   Skills:
 - Level 2.4 Dodging
 - Level 2.4 Stealth
 + Level 8.7 Spellcasting
 - Level 4.3 Conjurations


You had 16 spell levels left.
You knew the following spells:

 Your Spells              Type           Power        Failure   Level  Hunger
a - Magic Dart            Conj           ####         1%          1    None
b - Searing Ray           Conj           ####..       1%          2    None
c - Dazzling Spray        Conj/Hex       ###...       9%          3    None


Dungeon Overview and Level Annotations

Branches:
Dungeon (4/15)             Temple (1/1) D:4

Altars:
Dithmenos
Fedhas
Gozag
Kikubaaqudgha
Nemelex Xobeh
Okawaru
Sif Muna
Trog
Vehumet
Yredelemnul
Zin

Annotations:
D:4 homeworkjunkie's ghost, novice HOFi


Message History

Level annotation: homeworkjunkie's ghost, novice HOFi The phantom closely misses you.
You riposte.
You hit the phantom but do no damage. Homeworkjunkie's ghost hits you.
The ball python closely misses you.
You riposte.
You closely miss the ball python. The ball python grabs you.
The ball python constricts you. The phantom hits you.
Homeworkjunkie's ghost hits you!
There is a staircase to the Ecumenical Temple, spattered with blood here.
Casting: Searing Ray
Confirm with . or Enter, or press ? or * to list all spells.
Aiming: Dazzling Spray
Press: ? - help, Shift-Dir - straight line The spray of energy hits homeworkjunkie's ghost.
The spray of energy hits the ball python.
You kill the ball python!
Vehumet accepts your kill. The phantom hits you.
* * * LOW HITPOINT WARNING * * *
Homeworkjunkie's ghost hits you!
You die...

#.# .(......§..# #.#
.....§§.#.# #####.# ###
......$.... ##.....####..
.........
#..######...####))#...##
###.#######.#.......#.#..##
............#.#...#)......#
....<..........#W#.........
......#######..W@...#.###..
......# ##...#.#....#
......#####...#...#...#
##.####.....#........[#
#..# #..############.##
..####.## .. .####..# ...
####..## ...# .....##


You could see a phantom and homeworkjunkie's ghost.

Vanquished Creatures
  2 orc priests (D:4)
  An orc wizard (D:4)
  Terence (D:2)
  4 adders
  4 gnolls (D:4)
  3 oozes
  4 worms
  A dart slug (D:2)
  2 leopard geckos (D:2)
  7 orcs
  2 ball pythons
  14 goblins
  7 hobgoblins
  2 jackals (D:3)
  2 quokkas (D:2)
  9 bats
  4 frilled lizards
  9 kobolds
  A quokka skeleton (D:4)
  3 rats
82 creatures vanquished.

Notes
Turn   | Place    | Note
-------+----------+-------------------------------------------
     0 | D:1      | joklet the Deep Elf Conjurer began the quest for the Orb.
     0 | D:1      | Reached XP level 1. HP: 10/10 MP: 6/6
   114 | D:1      | Reached skill level 4 in Spellcasting
   114 | D:1      | Reached XP level 2. HP: 15/15 MP: 6/9
   862 | D:2      | Reached XP level 3. HP: 19/19 MP: 8/11
   871 | D:2      | Reached skill level 5 in Spellcasting
   901 | D:2      | Noticed Terence
   914 | D:2      | Killed Terence
  1086 | D:2      | Learned a level 2 spell: Searing Ray
  1090 | D:2      | Learned a level 3 spell: Dazzling Spray
  1106 | D:2      | Reached skill level 6 in Spellcasting
  1106 | D:2      | Reached XP level 4. HP: 16/24 MP: 5/14
  1414 | D:2      | Found a faded altar of an unknown god.
  1557 | D:2      | Found an opulent altar of Gozag.
  1844 | D:3      | Reached skill level 7 in Spellcasting
  2007 | D:3      | Found an iron altar of Okawaru.
  2009 | D:3      | Reached XP level 5. HP: 28/28 MP: 8/16
  2608 | D:4      | Noticed homeworkjunkie's ghost (novice HOFi)
  2676 | D:4      | Reached skill level 8 in Spellcasting
  2793 | D:4      | Found an ancient bone altar of Kikubaaqudgha.
  2850 | D:4      | Found a staircase to the Ecumenical Temple.
  2857 | D:4      | Found a shadowy altar of Dithmenos.
  2861 | Temple   | Entered the Ecumenical Temple
  2868 | Temple   | Became a worshipper of Vehumet
  2882 | D:4      | Noticed a phantom
  2882 | D:4      | Reached XP level 6. HP: 32/32 MP: 5/19
  3163 | D:4      | Slain by homeworkjunkie's ghost

Skill      XL: |  1  2  3  4  5 |
---------------+----------------+-----
Spellcasting   | 4 6 7 8 |  8.7
Dodging        | |  2.4
Stealth        | |  2.4
Conjurations   | |  4.3

Action                   |  1- 3 |  4- 6 || total
-------------------------+-------+-------++-------
 Cast: Magic Dart        |    59 |    74 ||   133
       Searing Ray       |       |     7 ||     7
       Dazzling Spray    |       |    10 ||    10
  Eat: Chunk             |       |     5 ||     5
       Ration            |       |     1 ||     1
Armor: Robe              |     1 |     4 ||     5
Dodge: Dodged            |     1 |    16 ||    17
       Rpst.: Falchion   |       |     2 ||     2
